 Dungeon Crawl Stone Soup version 0.29-a0-810-g3812dd5c9c (webtiles) character file.

Game seed: 9065614601391928324

1762717 thirstyecho the Slayer (level 25, 278/278 HPs)
             Began as an Octopode Chaos Knight on July 4, 2022.
             Was a Follower of Uskayaw.
             Escaped with the Orb
             ... and 3 runes!
             The game lasted 02:08:00 (58089 turns).

thirstyecho the Slayer (Octopode Chaos Knight)     Turns: 58089, Time: 02:08:01

Health: 278/278    AC: 35    Str: 18    XL:     25   Next: 75%
Magic:  44/44      EV: 36    Int: 31    God:    Uskayaw [*.....]
Gold:   4668       SH:  8    Dex: 27    Spells: 16/39 levels left

rFire   + + +      SeeInvis +   T - +6 double sword (vorpal)
rCold   . . .      Faith    .   u - +1 buckler "Gier" {+Blink Will++ Str+4 Stlth+}
rNeg    + . .      Spirit   .   Z - +2 hat {SInv}
rPois   ∞          Reflect  .   p - amulet of regeneration
rElec   +          Harm     .   F - ring of the Slug {rC+ MP+9 Int+6}
rCorr   .          Rampage  .   R - +4 ring of evasion
Will    +++..                   H - +6 ring of dexterity
Stlth   ++........              Y - ring of wizardry
HPRegen 1.36/turn               t - ring "Xajiwacw" {rPois rF+ Int+5}
MPRegen 0.29/turn               z - ring of protection from fire
                                n - ring of Huzeomes {*Slow rPois AC+4 Int+4 Slay+6}
                                x - ring of fire

@: statue-form (expiring), studying 2 skills, very slow
A: slow and powerful, torment resistance 1, boosted hp, almost no armour,
amphibious, 8 rings, camouflage 1, (gelatinous body 1), (nimble swimmer 1),
tentacles, agile 1, robust 1
0: Orb of Zot
}: 3/15 runes: decaying, abyssal, gossamer
a: End Transformation, Renounce Religion, Evoke Blink, Stomp


You escaped.
You worshipped Uskayaw.
Uskayaw was most pleased with you.
You were a living statue of rough stone.
You visited 10 branches of the dungeon, and saw 48 of its levels.
You visited the Abyss 3 times.
You also visited: Ossuary, Gauntlet and Ice Cave.

You collected 7830 gold pieces.
You spent 3162 gold pieces at shops.

Inventory:

Hand Weapons
 r - a +5 scimitar of holy wrath
 J - the +9 sword of Zonguldrok {reap}
   (You found it on level 2 of the Depths)

   Any living foe damaged by it may be reanimated upon death as a zombie
   friendly to the wielder, with an increasing chance as more damage is dealt.
 K - a +9 scimitar of flaming
 N - the +4 rapier of Big Damage {chaos, Str+5}
   (You took it off a kobold brigand on level 6 of the Dungeon)

   Each time it hits an enemy it has a different, random effect.
   Str:       It affects your strength (+5).
 T - a +6 vorpal double sword (weapon)
Missiles
 b - 6 boomerangs of dispersal
 I - 4 throwing nets (quivered) {!f}
 S - 6 curare-tipped darts
Armour
 u - the +1 buckler "Gier" (worn) {+Blink Will++ Str+4 Stlth+}
   (You acquired it on level 6 of the Lair of Beasts)

   Str:       It affects your strength (+4).
   +Blink:    It lets you blink.
   Will:      It greatly increases your willpower.
   Stlth:     It makes you more stealthy.
 Z - a +2 hat of see invisible (worn)
Jewellery
 c - a ring of protection from cold
 g - a ring of willpower
 h - the ring "Iricwepe" {rPois AC+4 Int+2}
   (You took it off a fire giant on level 3 of the Depths)

   [ring of protection]

   AC:        It affects your AC (+4).
   Int:       It affects your intelligence (+2).
   rPois:     It protects you from poison.
 n - the ring of Huzeomes (on tentacle) {*Slow rPois AC+4 Int+4 Slay+6}
   (You bought it in a shop on level 9 of the Dungeon)

   [ring of protection]

   AC:        It affects your AC (+4).
   Int:       It affects your intelligence (+4).
   Slay:      It affects your accuracy & damage with ranged weapons and melee
   (+6).
   rPois:     It protects you from poison.
   *Slow:     It may slow you when you take damage.
 p - an amulet of regeneration (around mantle)
 t - the ring "Xajiwacw" (on tentacle) {rPois rF+ Int+5}
   (You took it off a deep elf pyromancer on level 3 of the Elven Halls)

   [ring of protection from fire]

   Int:       It affects your intelligence (+5).
   rF:        It protects you from fire.
   rPois:     It protects you from poison.
 x - a ring of fire (on tentacle)
 y - a +6 ring of strength
 z - a ring of protection from fire (on tentacle)
 A - a ring of resist corrosion
 F - the ring of the Slug (left tentacle) {rC+ MP+9 Int+6}
   (You took it off a deep elf demonologist on level 3 of the Elven Halls)

   [ring of intelligence]

   Int:       It affects your intelligence (+6).
   rC:        It protects you from cold.
   MP:        It affects your magic capacity (+9).
 H - a +6 ring of dexterity (on tentacle)
 R - a +4 ring of evasion (right tentacle)
 U - a ring of see invisible
 Y - a ring of wizardry (on tentacle)
Wands
 m - a wand of iceblast (14) {@v2}
 o - a wand of light (30)
 s - a wand of charming (51)
 M - a wand of digging (13) {@v3}
 V - a wand of polymorph (5)
Scrolls
 e - 15 scrolls of teleportation {@r3}
 f - 3 scrolls of magic mapping {@r5}
 j - 8 scrolls of blinking {@r4}
 k - 6 scrolls of fog
 l - 3 scrolls of summoning
 B - 9 scrolls of fear
 L - 6 scrolls of silence
Potions
 d - 19 potions of curing {@q1}
 i - 2 potions of haste {@q4}
 v - 6 potions of cancellation
 w - 8 potions of heal wounds {@q2}
 C - 4 potions of mutation
 O - 4 potions of magic
 P - 11 potions of might {@q3}
 Q - 9 potions of ambrosia
 W - 2 potions of resistance {@q5}
 X - 2 potions of invisibility
Miscellaneous
 a - a lightning rod (4/4)
 q - a condenser vane
 D - a tin of tremorstones (2/2)
 E - a phial of floods
 G - a phantom mirror


   Skills:
 - Level 22.0 Fighting
 - Level 3.5(10.9) Short Blades
 - Level 15.8(16.0) Long Blades
 - Level 3.0 Polearms
 + Level 20.1 Dodging
 - Level 3.0 Stealth
 - Level 4.0 Shields
 - Level 7.5 Spellcasting
 * Level 8.0 Translocations
 - Level 13.4 Transmutations
 - Level 13.5 Earth Magic
 - Level 16.4 Invocations
 + Level 19.4 Evocations


You had 16 spell levels left.
You knew the following spells:

 Your Spells              Type           Power      Damage    Failure   Level
a - Passwall              Tmut/Erth      63%        N/A       1%          2
b - Apportation           Tloc           100%       N/A       1%          1
c - Passage of Golubria   Tloc           57%        N/A       1%          4
d - Borgnjor's Vile Clut  Necr/Erth      26%        N/A       4%          5
e - Lee's Rapid Deconstr  Erth           38%        3d20*     1%          5
f - Statue Form           Tmut/Erth      50%        N/A       1%          6

Your spell library contained the following spells:

 Spells                   Type           Power      Damage    Failure   Level
 Sting                    Tmut/Pois      100%       1d8       1%          1
 Wereblood                Tmut           76%        N/A       1%          2
 Ignite Poison            Fire/Tmut/Pois 56%        N/A       1%          3
 Portal Projectile        Hex/Tloc       72%        N/A       1%          3
 Leda's Liquefaction      Hex/Erth       26%        N/A       1%          4
 Petrify                  Tmut/Erth      76%        N/A       1%          4
 Blade Hands              Tmut           38%        N/A       1%          5
 Magic Dart               Conj           44%        1d5       2%          1
 Shock                    Conj/Air       44%        1d5       2%          1
 Slow                     Hex            44%        N/A       2%          1
 Summon Small Mammal      Summ           44%        N/A       2%          1
 Call Imp                 Summ           11%        N/A       3%          2
 Ensorcelled Hibernation  Hex/Ice        22%        N/A       3%          2
 Poisonous Vapours        Pois/Air       22%        N/A       3%          2
 Sublimation of Blood     Necr           11%        N/A       3%          2
 Alistair's Intoxication  Tmut/Pois      34%        N/A       4%          5
 Irradiate                Conj/Tmut      26%        3d22      4%          5
 Yara's Violent Unravell  Hex/Tmut       26%        3d11      4%          5
 Call Canine Familiar     Summ           11%        N/A       6%          3
 Confusing Touch          Hex            11%        N/A       6%          3
 Conjure Flame            Conj/Fire      17%        6-21      6%          3
 Dazzling Flash           Conj/Hex       22%        N/A       6%          3
 Mephitic Cloud           Conj/Pois/Air  11%        N/A       6%          3
 Ozocubu's Armour         Ice            11%        N/A       6%          3
 Summon Guardian Golem    Hex/Summ       11%        N/A       6%          3
 Swiftness                Air            11%        N/A       6%          3
 Tukima's Dance           Hex            11%        N/A       6%          3
 Dragon Form              Tmut           38%        N/A       8%          7
 Summon Forest            Summ/Tloc      18%        N/A       12%         5
 Dispersal                Tloc           28%        N/A       12%         6
 Airstrike                Air            5%         0-3+      21%         4
 Anguish                  Hex/Necr       5%         N/A       21%         4
 Cause Fear               Hex            5%         N/A       21%         4
 Corpse Rot               Necr/Pois/Air  11%        N/A       21%         4
 Dispel Undead            Necr           11%        3d9       21%         4
 Sticky Flame             Conj/Fire      17%        2d4       21%         4
 Summon Ice Beast         Ice/Summ       11%        N/A       21%         4
 Eringya's Noxious Bog    Tmut/Pois      26%        N/A       21%         6
 Agony                    Necr           11%        N/A       50%         5
 Fireball                 Conj/Fire      8%         3d6       50%         5
 Iskenderun's Battlesphe  Conj           11%        2d7       50%         5
 Metabolic Englaciation   Hex/Ice        5%         N/A       50%         5
 Silence                  Hex/Air        5%         N/A       50%         5
 Summon Mana Viper        Hex/Summ       11%        N/A       50%         5
 Conjure Ball Lightning   Conj/Air       5%         3x3d6     96%         6
 Death Channel            Necr           5%         N/A       96%         6
 Simulacrum               Ice/Necr       5%         N/A       96%         6
 Starburst                Conj/Fire      8%         6d4       96%         6
 Malign Gateway           Summ/Tloc      18%        N/A       96%         7
 Disjunction              Tloc           28%        N/A       99%         8
 Enfeeble                 Hex            5%         N/A       100%        7
 Monstrous Menagerie      Summ           5%         N/A       100%        7
 Orb of Destruction       Conj           5%         9d5       100%        7
 Summon Hydra             Summ           5%         N/A       100%        7
 Discord                  Hex            5%         N/A       100%        8
 Lehudib's Crystal Spear  Conj/Erth      26%        10d7      100%        8
 Summon Horrible Things   Summ           5%         N/A       100%        8
 Dragon's Call            Summ           5%         N/A       100%        9
 Fire Storm               Conj/Fire      8%         8d2       100%        9
 Shatter                  Erth           38%        3d30*     100%        9
 Animate Armour           Summ/Erth      Unusable   N/A       N/A         4

Dungeon Overview and Level Annotations

Branches:
Dungeon (15/15)            Temple (1/1) D:5            Lair (6/6) D:11
  Swamp (4/4) Lair:2       Spider (4/4) Lair:3        Slime (0/5) Lair:6
    Orc (2/2) D:9             Elf (3/3) Orc:2        Vaults (4/5) D:14
  Crypt (0/3) Vaults:2     Depths (4/4) D:15            Zot (5/5) Depths:4
Ossuary (visited)           IceCv (visited)         Gauntlet (visited)

Altars:
Ashenzari
Cheibriados
Elyvilon
Gozag
Hepliaklqana
Okawaru
Qazlal
Ru
Sif Muna
Uskayaw
Vehumet
Wu Jian
Xom
Yredelemnul
Zin
The Shining One
Jiyva
Lugonu

Shops:
D:6 *[?*?   D:9 =   Orc:2 ?:**   Elf:1 *   Elf:3 (   Vaults:2 (   Depths:1 :

Portals:
Hell: Depths:1 Depths:2 Depths:3 Depths:4
Abyss: Depths:2 Depths:3 Depths:4
Pandemonium: Depths:2
Ziggurat: Depths:2

Annotations:
Depths:4 2 runed translucent doors, Deygah's ghost, veteran DsIE


Innate Abilities, Weirdness & Mutations

You are a living statue of rough stone.
Your actions are slow, but your melee attacks are powerful.
You are resistant to unholy torment.
Your maximum health is greatly increased.
You are immune to poison.
You cannot wear most types of armour.
You are amphibious.
You can wear up to eight rings at the same time.
Your skin changes colour to match your surroundings (Stealth+).
((Your rubbery body absorbs attacks. (AC +1, EV +1)))
((You are camouflaged when in or above water. (Stealth+)))
You have tentacles for arms and can constrict up to eight enemies at once.
You are agile. (Dex +4, Str/Int -1)
You are robust. (+10% HP)


Message History

You can no longer pass through a line of other dancers.
You climb upwards.
There is a stone staircase leading down here.
An Orb Guardian comes into view.
The Orb Guardian moves out of view.
Casting: Statue Form (mildly dangerous; 1% risk of failure)
You fail to extend your transformation any further.
You block the Orb Guardian's attack.
You hit the Orb Guardian. You block the Orb Guardian's attack.
The Orb Guardian hits you.
You barely miss the Orb Guardian.
You tentacle-slap the Orb Guardian, but do no damage.
You squeeze the Orb Guardian! You block the Orb Guardian's attack.
You cut the Orb Guardian into ribbons!!!
You squeeze the Orb Guardian, but do no damage.
The Orb Guardian barely misses you.
The Orb Guardian hits you but does no damage.
You can now pass through a line of other dancers.
You miss the Orb Guardian.
You squeeze the Orb Guardian, but do no damage.
You block the Orb Guardian's attack.
You slash the Orb Guardian!
You kill the Orb Guardian!
Your Translocations skill increases to level 8!
You can no longer pass through a line of other dancers.
A demonic crawler comes into view.
There is an open door here.
Your transformation is almost over. 5 hell hounds come into view.
The hell hound barks!
The hell hound closely misses you. The hell hound completely misses you.
You block the hell hound's attack. x2
The hell hound bites you but does no damage.
You block the hell hound's attack. The hell hound misses you.
There is a staircase leading out of the dungeon here.
The hell hound barely misses you. The hell hound misses you.
The hell hound completely misses you. x4; The hell hound closely misses you.
The hell hound completely misses you.
The hell hound bites you but does no damage.
You have escaped!

..# #.# #.# #.######.#
#.## #.# #.# #.# #.# #..#
#.# #.# #Z# #.# ##.# #.#
#.# #.# #.# ##.# #'####.#
#.# #.# ...##
#######.#8.#.# #.# #.#
....# #..........#.#####.#
#.#
.##.###8..8..8.hh#.......#
#.#
.##...'........h8#.#######
#.# .##.###8..8..8.hh#.#
#Z# ......#..........#.#
#.# #####.#######.#8.#.#
#.# ..#.........######.#
#.# ..#.#.#...#.#
#....############.#
..#.#.#...#.#
#..........ZZZZZ..#
..#.#.#...#.#
#.#.###############
..#.#.#...#.# #.#.#


You could see 5 hell hounds.

Vanquished Creatures
  3 dread liches
  2 orbs of fire (Zot:5)
  An ancient lich (Zot:5)
  Mara (Vaults:2)
  A juggernaut (Depths:2)
  3 Killer Klowns (Zot:5)
  Saint Roka (Elf:3)
  A caustic shrike (Depths:3)
  2 curse toes
  4 golden dragons
  The ghost of dricus the Slayer, a veteran GrFi of Okawaru (Vaults:2)
  A bone dragon (Depths:1)
  2 electric golems (Zot:5)
  A doom hound (Depths:1)
  Arachne (Spider:3)
  4 tentacled monstrosities
  2 hellephants (Depths:1)
  26 Orb Guardians
  2 titans (Depths:2)
  8 liches
  4 deep elf blademasters
  Mlioglotl (Spider:1)
  3 deep elf master archers
  A walking divine tome (Depths:2)
  Asterion (Spider:1)
  A tentacled starspawn (Abyss:3)
  A walking frostbound tome (Depths:3)
  An ancient champion (Vaults:2)
  Agnes (Spider:1)
  A death cob (Zot:5)
  Kirke (Spider:3)
  5 sphinxes
  6 storm dragons
  2 Executioners
  6 shadow dragons
  Roxanne (Elf:3)
  2 tengu reavers
  A draconian knight (Depths:4)
  Donald (Vaults:1)
  7 fire giants
  4 frost giants
  An emperor scorpion (Spider:4)
  Louise (Spider:1)
  3 deep elf sorcerers (Elf:3)
  A balrug (Zot:1)
  9 vault wardens
  Aizul (Vaults:1)
  9 ghost moths
  2 cacodemons
  3 ghouls (Swamp:4)
  A curse skull (Vaults:2)
  A deep elf elementalist (Elf:3)
  3 orc warlords
  A draconian annihilator (Zot:2)
  2 spriggan defenders
  A reaper (Depths:1)
  A juggernaut skeleton (Depths:1)
  A war gargoyle (Vaults:4)
  20 very ugly things
  An ophan (Abyss:3)
  2 vampire knights
  5 starcursed masses (Abyss:3)
  10 ironbound preservers
  10 stone giants
  9 deep elf demonologists
  6 green draconians
  5 ironbound thunderhulks
  9 eleionomae
  A yellow draconian (Zot:2)
  A lorocyproca (D:9)
  A demonspawn black sun (D:9)
  A putrid mouth (Depths:1)
  2 black draconians
  10 deep elf annihilators
  3 purple draconians
  14 spark wasps
  A minotaur (Gauntlet)
  6 entropy weavers
  A white draconian (Depths:4)
  2 bunyips
  A bunyip (shapeshifter) (Depths:3)
  A dire elephant (shapeshifter) (Depths:3)
  7 dire elephants
  10 deep elf death magi
  2 red draconians
  Snorg (D:10)
  13 ettins
  A blizzard demon (Depths:1)
  7 fire dragons
  2 jiangshi (Depths:3)
  3 great orbs of eyes
  5 deep elf high priests
  26 hydras
  5 ice dragons
  4 boulder beetles
  A catoblepas (D:13)
  4 jorogumos (Spider:4)
  8 yaktaur captains
  A juggernaut simulacrum (Depths:2)
  A peacekeeper (Vaults:4)
  6 ogre magi
  3 vault guards
  2 merfolk aquamancers (D:15)
  2 ghost crabs (Swamp:4)
  8 alligators
  2 hell beasts (Depths:1)
  An anaconda (Swamp:2)
  A quicksilver dragon skeleton (Depths:1)
  26 two-headed ogres
  4 ironbound frosthearts
  A spriggan air mage (Depths:4)
  16 centaur warriors
  2 radroaches
  6 deep troll shamans
  33 dancing weapons
  5 deep troll earth magi
  4 spriggan berserkers
  15 death yaks
  A hell hog (Abyss:3)
  6 tengu warriors
  Urug (Lair:3)
  3 thrashing horrors (Abyss:3)
  2 orc high priests (Elf:2)
  3 vampire magi
  11 hell knights
  19 deep elf knights
  9 iron trolls
  3 sun demons (Zot:1)
  A titan skeleton (Depths:2)
  7 spriggans
  A death drake (shapeshifter) (Depths:2)
  A glowing orange brain (shapeshifter) (Depths:4)
  A spatial maelstrom (Abyss:3)
  A flayed ghost (Depths:2)
  2 goliath frogs (Swamp:3)
  3 steelbarb worms
  5 pharaoh ants (Spider:4)
  2 sixfirhies
  A glowing orange brain (Abyss:3)
  A spriggan druid (Swamp:4)
  44 deep trolls
  10 orb spiders
  2 orange crystal statues (Abyss:3)
  15 swamp dragons
  18 deep elf archers
  17 lindwurms
  A phantasmal warrior (Vaults:3)
  2 spriggan simulacra (Swamp:4)
  7 orc knights
  3 wizards
  3 bog bodies (Swamp:2)
  13 ironbound convokers
  5 orc sorcerers
  A harpy (shapeshifter) (D:15)
  2 mana vipers (shapeshifter)
  14 wolf spiders
  38 deep elf pyromancers
  7 necromancers
  39 ugly things
  2 frost giant zombies (Depths:2)
  A golden dragon skeleton (Depths:2)
  22 deep elf zephyrmancers
  8 harpies (Vaults:3)
  3 will-o-the-wisps
  An oklob plant (Lair:5)
  A fire giant zombie (Depths:1)
  8 cyclopes
  2 manticores
  13 moths of wrath
  12 elephants
  13 black mambas
  13 vault sentinels
  The ghost of Sat the Skirmisher, a novice GrHu of Okawaru (D:6)
  2 water nymphs (D:15)
  A gargoyle (D:11)
  A smoke demon (Abyss:3)
  3 naga magi (D:15)
  12 torpor snails
  11 cane toads
  3 centaur skeletons (D:15)
  3 orange demons
  2 rime drakes
  A spriggan zombie (Depths:1)
  4 tengu conjurers
  9 demonic crawlers
  3 efreet (Abyss:3)
  4 unseen horrors (Depths:2)
  A tormentor (Depths:1)
  A freezing wraith (Vaults:2)
  An anaconda simulacrum (IceCv)
  9 komodo dragons
  4 entropy weaver simulacra (Swamp:4)
  2 hellwings
  23 yaktaurs
  2 ancient zymes (Abyss:3)
  6 meliai (Spider:3)
  A hydra zombie (Abyss:3)
  12 polar bears
  21 tarantellas
  8 large abominations
  10 tyrant leeches
  7 trolls
  16 hornets
  A queen bee (Spider:3)
  A bloated husk (Swamp:4)
  13 raiju
  9 blink frogs
  A slime creature (shapeshifter) (Depths:4)
  41 slime creatures
  28 jumping spiders
  A fire giant simulacrum (Depths:2)
  A culicivora (shapeshifter) (Depths:2)
  3 centaur simulacra
  8 water elementals
  An air elemental (Elf:1)
  14 culicivoras
  A dire elephant simulacrum (Swamp:4)
  A shadow (D:11)
  7 wraiths
  A ynoxinul (Abyss:3)
  47 yaks
  8 basilisks
  A golden eye (shapeshifter) (D:11)
  2 golden eyes (D:2)
  A fire elemental (Elf:1)
  3 wyverns
  A minotaur simulacrum (Swamp:4)
  4 chaos spawn (Depths:2)
  5 neqoxecs (Abyss:3)
  39 redbacks
  6 small abominations
  10 vampire mosquitoes
  18 swamp worms
  2 harpy simulacra (IceCv)
  8 wargs
  A spatial vortex (Abyss:3)
  An acid dragon (D:9)
  22 water moccasins
  27 orc warriors
  13 hell hounds (Lair:6)
  8 swamp drakes
  A human skeleton (Depths:2)
  13 black bears
  2 sky beasts
  An alligator simulacrum (IceCv)
  43 wolves
  5 boggarts
  33 ogres
  14 centaurs
  A phantom (D:5)
  5 kobold brigands
  3 elf zombies (Ossuary)
  3 earth elementals
  7 bullfrogs
  2 necrophages
  A cane toad simulacrum (Gauntlet)
  A tengu simulacrum (Depths:1)
  3 scorpions
  A hornet simulacrum (D:15)
  20 killer bees
  4 lindwurm simulacra (IceCv)
  4 howler monkeys
  3 electric eels (Lair:1)
  2 centaur zombies
  A gnoll bouda (D:9)
  3 hounds
  3 human zombies (Ossuary)
  20 orc priests
  A jelly (D:6)
  An iron imp (Abyss:3)
  Terence (D:2)
  2 iguanas (D:5)
  20 orc wizards
  A hound zombie (Ossuary)
  3 mummies (Ossuary)
  8 gnolls
  8 adders
  3 shadow imps
  3 ufetubi
  2 adder zombies (Ossuary)
  3 worms (D:2)
  2 dart slugs
  100 orcs
  8 bats
  6 endoplasms
  3 giant cockroaches
  4 goblins
  9 hobgoblins
  3 quokkas
  3 ball pythons
  3 frilled lizards
  A goblin zombie (Ossuary)
  4 hobgoblin zombies (Ossuary)
  4 jackal zombies (Ossuary)
  30 kobolds
  4 kobold zombies (Ossuary)
  2 orc zombies (Ossuary)
  A quokka zombie (Ossuary)
  8 rats
  3 rat zombies (Ossuary)
  3 butterflies (Lair:2)
  2 starspawn tentacles (Abyss:3)
1944 creatures vanquished.

Vanquished Creatures (collateral kills)
  the Lernaean hydra (Swamp:4)
  A walking crystal tome (Depths:3)
  2 fire giants (Depths:3)
  A draconian knight (Depths:4)
  An orc warlord (Vaults:4)
  A war gargoyle (Vaults:4)
  6 very ugly things
  2 ironbound preservers
  A stone giant (Depths:3)
  An ironbound thunderhulk (Vaults:2)
  3 spark wasps
  A jiangshi (Depths:3)
  A yaktaur captain (Vaults:4)
  An ettin (Depths:3)
  A great orb of eyes (Vaults:4)
  A centaur warrior (Vaults:3)
  2 ironbound frosthearts
  A spriggan berserker (Depths:4)
  A tengu warrior (Depths:2)
  A hell knight (Depths:4)
  A swamp dragon (Swamp:4)
  5 deep trolls
  A glowing orange brain (Depths:3)
  3 ironbound convokers
  2 harpies (Vaults:3)
  A wizard (Vaults:4)
  A guardian serpent (shapeshifter) (Depths:3)
  4 vault sentinels
  4 yaktaurs
  3 slime creatures
  A water elemental (Depths:4)
  A redback (Vaults:1)
  2 orc warriors (Orc:2)
  3 ogres
  A boggart (Vaults:4)
  A jelly (D:3)
  An orc priest (Orc:2)
  6 orcs
  A hobgoblin zombie (Ossuary)
  A jackal zombie (Ossuary)
  2 kobold zombies (Ossuary)
  An orc zombie (Ossuary)
76 creatures vanquished.

Vanquished Creatures (others)
  2 spriggan zombies
  A hydra (Swamp:4)
  A guardian serpent zombie (Vaults:1)
  A deep troll earth mage (Depths:4)
  A storm dragon zombie (Depths:4)
  A sixfirhy (Abyss:3)
  A golden dragon zombie (Depths:3)
  A spark wasp zombie (Depths:3)
  2 lindwurms (Lair:2)
  A tengu zombie (Depths:3)
  A fire giant zombie (Depths:3)
  9 centaur zombies
  2 dire elephant zombies (Vaults:3)
  A white draconian zombie (Depths:4)
  A purple draconian zombie (Depths:4)
  A green draconian zombie (Depths:4)
  2 harpy zombies (Vaults:3)
  An elf zombie (Depths:3)
  A great orb of eyes zombie (Vaults:4)
  2 ettin zombies (Depths:3)
  A fire dragon zombie (Depths:3)
  A slime creature zombie (Vaults:3)
  3 humans (Spider:3)
  11 human zombies
  10 deep troll zombies
  An orc warrior (Orc:2)
  3 lindwurm zombies (Vaults:1)
  A black bear (D:11)
  A boggart (Vaults:4)
  A small abomination (Abyss:3)
  11 yaktaur zombies
  3 boggart zombies
  An orc wizard (Orc:1)
  4 foxfires
  34 fungi
  91 plants
  4 starspawn tentacles (Abyss:3)
214 creatures vanquished.

Grand Total: 2234 creatures vanquished

Notes
Turn   | Place    | Note
-------+----------+-------------------------------------------
     0 | D:1      | thirstyecho the Octopode Chaos Knight began the quest for
                  | the Orb.
     0 | D:1      | Reached XP level 1. HP: 16/16 MP: 1/1
    41 | D:1      | XOM: potion effect (haste)
    59 | D:1      | Reached XP level 2. HP: 20/21 MP: 2/2
   182 | D:1      | XOM: divination: magic mapping
   321 | D:1      | XOM: silly message
   760 | D:1      | Reached XP level 3. HP: 27/27 MP: 3/3
   885 | D:1      | XOM: give mutations
   885 | D:1      | Gained mutation: You have hidden genetic potential. [Xom's
                  | grace]
   885 | D:1      | Gained mutation: You have great hidden genetic potential.
                  | [Xom's grace]
   885 | D:1      | Gained mutation: One of your tentacles bears a spike.
                  | [Xom's grace]
  1187 | D:2      | Reached skill level 4 in Fighting
  1352 | D:2      | XOM: silly message
  1467 | D:2      | Noticed Terence
  1512 | D:2      | Found a faded altar of an unknown god.
  1527 | D:2      | Reached XP level 4. HP: 33/33 MP: 4/4
  1541 | D:2      | Got Hebah's Secrets of the Turbulent Blaze
  1545 | D:2      | Found a shimmering altar of Xom.
  1592 | D:2      | Gained mutation: You passively dampen the noise of your
                  | surroundings. [hidden potential]
  2038 | D:2      | XOM: give mutations
  2038 | D:2      | Gained mutation: You are occasionally teleported next to
                  | monsters. [Xom's mischief]
  2038 | D:2      | Gained mutation: You occasionally shout uncontrollably at
                  | your foes. [Xom's mischief]
  2038 | D:2      | Gained mutation: You expend magic power (3 MP) to
                  | strengthen your wands. [Xom's mischief]
  2038 | D:2      | Gained mutation: You are dopey. (Int -2) [Xom's mischief]
  2298 | D:3      | XOM: polymorph orc -> jelly
  2384 | D:4      | Noticed a scorpion
  2447 | D:4      | Found a glowing golden altar of the Shining One.
  2465 | D:4      | Found a sand-covered staircase.
  2470 | Ossuary  | Entered an ossuary
  2482 | Ossuary  | XOM: smoke on damage
  2501 | Ossuary  | XOM: blink monster(s)
  2504 | Ossuary  | XOM: cleaving
  2507 | Ossuary  | Reached XP level 5. HP: 31/38 MP: 5/5
  2514 | Ossuary  | Reached skill level 5 in Fighting
  2518 | Ossuary  | Gained mutation: You are agile. (Dex +4, Str/Int -1)
                  | [hidden potential]
  2518 | Ossuary  | Lost mutation: You have great hidden genetic potential.
                  | [hidden potential expressed]
  2620 | Ossuary  | XOM: enchant monster (good)
  2678 | Ossuary  | Reached XP level 6. HP: 36/46 MP: 2/6
  2758 | Ossuary  | XOM: god gift: leather armour {god gift}
  2779 | Ossuary  | XOM: god gift: 55 gold pieces
  2792 | Ossuary  | XOM: potion effect (brilliance)
  2794 | Ossuary  | Reached skill level 6 in Fighting
  2798 | Ossuary  | Gained mutation: You are very agile. (Dex +8, Str/Int -2)
                  | [hidden potential]
  2966 | Ossuary  | Reached skill level 1 in Evocations
  2990 | Ossuary  | XOM: cleaving
  3004 | Ossuary  | Reached XP level 7. HP: 37/53 MP: 7/7
  3196 | D:4      | XOM: silly message
  3305 | D:4      | Gained mutation: You are robust. (+10% HP) [hidden
                  | potential]
  3305 | D:4      | Lost mutation: You have hidden genetic potential. [hidden
                  | potential expressed]
  3565 | D:4      | XOM: cloud trail
  3729 | D:3      | XOM: enchant monster (good)
  3811 | D:3      | XOM: cast spell 'Call Canine Familiar'
  3815 | D:3      | Reached skill level 7 in Fighting
  4205 | D:5      | Entered Level 5 of the Dungeon
  4239 | D:5      | Reached skill level 5 in Dodging
  4239 | D:5      | Reached XP level 8. HP: 48/66 MP: 6/8
  4439 | D:5      | Found a staircase to the Ecumenical Temple.
  4448 | Temple   | Entered the Ecumenical Temple
  4488 | Temple   | Fell from the grace of Xom
  4488 | Temple   | Became a worshipper of Uskayaw the Reveller
  4559 | D:5      | Reached * piety under Uskayaw
  4561 | D:5      | Reached ** piety under Uskayaw
  4579 | D:5      | Reached skill level 1 in Short Blades
  4675 | D:5      | Reached skill level 1 in Invocations
  4685 | D:5      | Identified the +11 long sword of the Badger {flame, rN+}
  4894 | D:6      | Found Unaur's Magic Scroll Shop.
  4903 | D:6      | Bought a scroll of teleportation for 39 gold pieces
  4903 | D:6      | Bought a scroll of blinking for 97 gold pieces
  4903 | D:6      | Bought a scroll of blinking for 97 gold pieces
  4903 | D:6      | Bought a scroll of poison for 45 gold pieces
  4903 | D:6      | Bought a scroll of noise for 13 gold pieces
  4903 | D:6      | Bought a scroll of teleportation for 39 gold pieces
  4937 | D:6      | Found Ulibrif's General Store.
  5029 | D:6      | Reached *** piety under Uskayaw
  5307 | D:6      | Noticed Sat's ghost (novice GrHu)
  5324 | D:6      | Found a transporter.
  5329 | D:6      | Found a transporter.
  5459 | D:6      | Found Uthaesa's Armour Boutique.
  5548 | D:6      | Found a large runed translucent door.
  5548 | D:6      | Found a large runed translucent door.
  5551 | D:6      | Found a shimmering altar of Xom.
  5609 | D:6      | Found Refyiczi's Assorted Antiques.
  5612 | D:6      | Bought a sedimented purple potion for 27 gold pieces
  5650 | D:6      | Found Ukiatsof's Magic Scroll Shoppe.
  5669 | D:6      | Bought a scroll of teleportation for 30 gold pieces
  5669 | D:6      | Bought a scroll of silence for 75 gold pieces
  5669 | D:6      | Bought a scroll of teleportation for 30 gold pieces
  5669 | D:6      | Bought a scroll of identify for 20 gold pieces
  5850 | D:6      | Identified the +4 rapier of Big Damage {chaos, Str+5}
  6135 | D:7      | Reached skill level 1 in Long Blades
  6253 | D:7      | Reached XP level 9. HP: 46/70 MP: 11/11
  6364 | D:7      | XOM: summons 5 hostile demons
  6428 | D:7      | Reached **** piety under Uskayaw
  6432 | D:7      | Reached ***** piety under Uskayaw
  6623 | D:7      | Found an ornate altar of the Wu Jian Council.
  6857 | D:8      | XOM: noise
  7080 | D:8      | Reached skill level 5 in Long Blades
  7118 | D:8      | Reached skill level 5 in Invocations
  7198 | D:8      | Identified the +6 flail "Moesasch" {venom, rF+ Stlth+}
  7234 | D:8      | Found an iron altar of Okawaru.
  7237 | D:8      | Found a white marble altar of Elyvilon.
  7237 | D:8      | Found a radiant altar of Vehumet.
  7409 | D:8      | XOM: torment (43/70 hp)
  7516 | D:8      | XOM: summons 4 hostile shadow creatures
  7670 | D:9      | Found a stormy altar of Qazlal.
  7670 | D:9      | Noticed a centaur warrior
  7670 | D:9      | XOM: 1-stop teleportation journey
  7693 | D:9      | XOM: give mutations
  7693 | D:9      | Gained mutation: You are weak. (Str -2) [Xom's mischief]
  7693 | D:9      | Lost mutation: You are very agile. (Dex +8, Str/Int -2)
                  | [Xom's mischief]
  7892 | D:9      | XOM: summons 1 hostile shadow creature
  7915 | D:9      | Noticed a hornet
  7918 | D:9      | Paralysed by a hornet for 2 turns
  7920 | D:9      | Killed a hornet
  7921 | D:9      | Found a staircase to the Orcish Mines.
  8025 | D:10     | Entered Level 10 of the Dungeon
  8223 | D:10     | Noticed a komodo dragon
  8228 | D:10     | Killed a komodo dragon
  8230 | D:10     | Reached XP level 10. HP: 66/78 MP: 14/14
  8300 | D:10     | Noticed Snorg
  8631 | D:10     | Killed Snorg
  8768 | D:10     | XOM: god gift: 43 gold pieces
  8780 | D:10     | Found a sacrificial altar of Ru.
  8780 | D:10     | XOM: 3-stop teleportation journey
  9043 | D:9      | XOM: torment (48/78 hp)
  9115 | D:9      | Found a shimmering altar of Xom.
  9189 | D:9      | XOM: noise
  9785 | D:9      | Killed a centaur warrior
  9786 | D:9      | Reached skill level 10 in Long Blades
  9841 | D:9      | Reached XP level 11. HP: 40/82 MP: 15/15
 10136 | D:9      | Found Xuriytreow's Jewellery Boutique.
 11335 | D:10     | Found a sacrificial altar of Ru.
 11493 | D:10     | XOM: give mutation
 11493 | D:10     | Lost mutation: You expend magic power (3 MP) to strengthen
                  | your wands. [Xom's mischief]
 11791 | D:2      | Killed Terence
 11872 | D:2      | XOM: god gift: potion of flight
 12051 | D:6      | Killed Sat's ghost
 12159 | D:6      | XOM: summons 4 hostile demons
 12290 | D:11     | Found a staircase to the Lair.
 12588 | D:11     | Noticed an eight-headed hydra
 12594 | D:11     | Killed a six-headed hydra
 12659 | D:11     | Noticed a purple ugly thing
 12671 | D:11     | Killed a purple ugly thing
 12810 | D:10     | Found a sacrificial altar of Ru.
 13518 | D:11     | XOM: polymorph orc wizard -> shapeshifter
 13977 | D:11     | XOM: noise
 14073 | D:12     | Noticed a manticore
 14081 | D:12     | Killed a manticore
 14145 | D:12     | XOM: stat loss: -3 Dex (14/17)
 14176 | D:12     | Noticed a two-headed ogre
 14186 | D:12     | Killed a two-headed ogre
 14343 | D:12     | Noticed a two-headed ogre
 14350 | D:12     | Killed a two-headed ogre
 14447 | D:12     | Noticed a centaur warrior
 14452 | D:12     | Killed a centaur warrior
 14453 | D:12     | Reached XP level 12. HP: 48/89 MP: 16/16
 15068 | D:12     | Identified a scroll of acquirement
 15069 | D:12     | Acquired 817 gold pieces
 15077 | D:12     | XOM: give mutations
 15077 | D:12     | Gained mutation: You are resistant to electric shocks.
                  | (rElec) [Xom's mischief]
 15077 | D:12     | Lost mutation: One of your tentacles bears a spike. [Xom's
                  | mischief]
 15154 | D:9      | Bought the ring of Huzeomes {*Slow rPois AC+4 Int+4 Slay+6}
                  | for 902 gold pieces
 15154 | D:9      | Bought a +6 ring of strength for 432 gold pieces
 15229 | D:6      | Bought a scroll of magic mapping for 42 gold pieces
 15229 | D:6      | Bought a scroll of teleportation for 36 gold pieces
 15308 | Lair:1   | Entered Level 1 of the Lair of Beasts
 15311 | Lair:1   | Reached skill level 10 in Dodging
 15323 | Lair:1   | Found a gate leading to a gauntlet.
 15356 | Gauntlet | Entered a Gauntlet
 15356 | Gauntlet | Found a transporter.
 15356 | Gauntlet | Found a transporter.
 15356 | Gauntlet | Found a transporter.
 15377 | Gauntlet | Found a transporter.
 15385 | Gauntlet | Noticed a catoblepas
 15390 | Gauntlet | Found a transporter.
 15391 | Gauntlet | Found a transporter.
 15400 | Gauntlet | Found a transporter.
 15419 | Gauntlet | Found a transporter.
 15434 | Gauntlet | Found a transporter.
 15436 | Gauntlet | Found a transporter.
 15437 | Gauntlet | Found a runed translucent door.
 15447 | Gauntlet | Found a transporter.
 15447 | Gauntlet | Found a transporter.
 15513 | Abyss:3  | Cast into level 3 of the Abyss (a wizard)
 15582 | Abyss:3  | Found a corrupted altar of Lugonu.
 15617 | Abyss:3  | Noticed a wretched star
 15702 | Abyss:3  | Noticed a thrashing horror
 15702 | Abyss:3  | Noticed a thrashing horror
 15703 | Abyss:3  | Noticed a thrashing horror
 15812 | Abyss:3  | Noticed a thrashing horror
 15839 | Abyss:3  | Noticed a thrashing horror
 15865 | Abyss:3  | Noticed a starcursed mass
 15867 | Abyss:3  | Noticed a tentacled starspawn
 15974 | Abyss:3  | Noticed a crystal guardian
 15983 | Abyss:3  | Noticed an eidolon
 15993 | Abyss:3  | Noticed an Executioner
 16019 | Abyss:3  | Noticed a tentacled monstrosity
 16020 | Abyss:3  | Found a transporter.
 16052 | Abyss:3  | Noticed a tentacled starspawn
 16052 | Abyss:3  | Noticed a wretched star
 16085 | Abyss:3  | Found an iron altar of Okawaru.
 16086 | Abyss:3  | Noticed a thrashing horror
 16115 | Abyss:3  | Noticed a starcursed mass
 16138 | Abyss:3  | Noticed a hell hog
 16227 | Abyss:3  | Noticed a hell hog
 16243 | Abyss:3  | Killed a hell hog
 16265 | Abyss:3  | Noticed a starcursed mass
 16270 | Abyss:3  | Noticed a tentacled monstrosity
 16296 | Abyss:3  | Noticed an ophan
 16296 | Abyss:3  | Found a blossoming altar of Fedhas.
 16306 | Abyss:3  | Noticed a starcursed mass
 16314 | Abyss:3  | Killed a starcursed mass
 16315 | Abyss:3  | Reached skill level 8 in Fighting
 16330 | Gauntlet | Escaped the Abyss
 16440 | Gauntlet | Noticed a minotaur
 16448 | Gauntlet | Killed a minotaur
 16568 | Lair:1   | Found a hide-covered altar of Uskayaw.
 16568 | Lair:1   | XOM: 1-stop teleportation journey
 16568 | Lair:1   | Was forgiven by Xom
 16575 | Lair:1   | Reached skill level 9 in Fighting
 16575 | Lair:1   | Lost mutation: You occasionally shout uncontrollably at
                  | your foes. [potion of mutation]
 16575 | Lair:1   | Lost mutation: You passively dampen the noise of your
                  | surroundings. [potion of mutation]
 16575 | Lair:1   | Lost mutation: You are weak. (Str -2) [potion of mutation]
 16575 | Lair:1   | Gained mutation: Your spells are a little harder to cast,
                  | but a little more powerful. [potion of mutation]
 16576 | Lair:1   | Lost mutation: You are agile. (Dex +4, Str/Int -1) [potion
                  | of mutation]
 16576 | Lair:1   | Lost mutation: You are occasionally teleported next to
                  | monsters. [potion of mutation]
 16576 | Lair:1   | Gained mutation: You have an increased reservoir of magic.
                  | (+10% MP) [potion of mutation]
 16576 | Lair:1   | Gained mutation: Your spells are harder to cast, but more
                  | powerful. [potion of mutation]
 16576 | Lair:1   | Gained mutation: You are strong-willed. (Will+) [potion of
                  | mutation]
 17024 | Lair:1   | Reached XP level 13. HP: 77/101 MP: 19/19
 17371 | Lair:2   | Reached skill level 10 in Fighting
 17740 | Lair:2   | Found a staircase to the Swamp.
 18113 | Lair:2   | Reached skill level 11 in Fighting
 18113 | Lair:2   | Reached skill level 5 in Evocations
 18128 | Lair:2   | Got the Compilation of the Fey Mountains
 18274 | Lair:3   | Noticed Urug
 18283 | Lair:3   | Killed Urug
 18504 | Lair:3   | Found a hole to the Spider Nest.
 20014 | Lair:5   | Reached XP level 14. HP: 112/112 MP: 21/21
 20253 | Lair:5   | Reached skill level 12 in Fighting
 20946 | Lair:6   | Entered Level 6 of the Lair of Beasts
 20946 | Lair:6   | Found a viscous altar of Jiyva.
 20946 | Lair:6   | Found a staircase to the Slime Pits.
 21245 | Lair:6   | Reached ****** piety under Uskayaw
 21371 | Lair:6   | Reached skill level 13 in Fighting
 21421 | Lair:6   | Acquired a +0 buckler of protection
 21428 | Lair:6   | Acquired the +1 buckler "Gier" {+Blink Will++ Str+4 Stlth+}
 21659 | Lair:6   | Reached skill level 10 in Evocations
 21707 | Lair:6   | Reached XP level 15. HP: 100/122 MP: 23/23
 21752 | Lair:6   | Identified the +4 scale mail "Noquerai" {Harm rElec Stlth+}
 22283 | Lair:6   | Found a runed translucent door.
 22485 | Lair:6   | Reached skill level 14 in Fighting
 23533 | D:13     | Found a stormy altar of Qazlal.
 23995 | D:14     | Reached skill level 1 in Shields
 24039 | D:14     | Found a gate to the Vaults.
 24080 | D:14     | Reached skill level 10 in Invocations
 24317 | D:14     | Got Sif Muna's Codex of the Conflagrant Rocks
 24633 | D:14     | Learned a level 2 spell: Passwall
 24635 | D:14     | Learned a level 1 spell: Apportation
 24640 | D:14     | Learned a level 4 spell: Passage of Golubria
 24670 | D:15     | Entered Level 15 of the Dungeon
 24701 | D:15     | Reached XP level 16. HP: 122/132 MP: 26/26
 24705 | D:15     | Reached skill level 15 in Fighting
 25517 | D:15     | Got the Guidebook on Dark Rites
 25906 | D:15     | Found a staircase to the Depths.
 25971 | D:15     | Learned a level 5 spell: Borgnjor's Vile Clutch
 26114 | Orc:1    | Entered Level 1 of the Orcish Mines
 26220 | Orc:2    | Entered Level 2 of the Orcish Mines
 26422 | Orc:2    | Found a staircase to the Elven Halls.
 26423 | Orc:2    | Noticed Nessos
 26427 | Orc:2    | Noticed Nessos
 26427 | Orc:2    | Nessos changed into Nessos the boggart
 26431 | Orc:2    | Killed Nessos the boggart
 26477 | Orc:1    | Reached skill level 16 in Fighting
 27189 | Orc:2    | Found Ocvuleak's Book Emporium.
 27189 | Orc:2    | Found Wiobby Esig's Assorted Antiques.
 27193 | Orc:2    | Found Tulull's Magic Scroll Boutique.
 27193 | Orc:2    | Found Putes's Assorted Antiques.
 27254 | Orc:2    | Bought a scroll of blinking for 112 gold pieces
 27254 | Orc:2    | Bought a scroll of blinking for 112 gold pieces
 27255 | Orc:2    | Bought a potion of attraction for 81 gold pieces
 27255 | Orc:2    | Bought a scroll of teleportation for 81 gold pieces
 27255 | Orc:2    | Bought a scroll of magic mapping for 94 gold pieces
 27255 | Orc:2    | Bought 2 potions of curing for 162 gold pieces
 27256 | Orc:2    | Bought a wand of light (8) for 256 gold pieces
 27513 | Elf:1    | Entered Level 1 of the Elven Halls
 27525 | Elf:1    | Reached XP level 17. HP: 111/144 MP: 28/28
 27680 | Elf:1    | Reached skill level 17 in Fighting
 27917 | Elf:1    | You fall into a shaft and drop 1 floor!
 27923 | Elf:2    | Identified the +1 leather armour of Loss {rF+}
 28479 | Elf:2    | Reached skill level 18 in Fighting
 28490 | Elf:2    | Found a runed translucent gate.
 28490 | Elf:2    | Found a runed translucent gate.
 28490 | Elf:2    | Found a runed translucent gate.
 28576 | Elf:2    | Found a magical portal.
 29352 | Elf:1    | Found Uraema's Assorted Antiques.
 29376 | Elf:1    | Bought a potion of haste for 340 gold pieces
 29992 | Elf:3    | Entered Level 3 of the Elven Halls
 30075 | Elf:3    | Noticed a deep elf master archer
 30077 | Elf:3    | Killed a deep elf master archer
 30079 | Elf:3    | Reached skill level 19 in Fighting
 30214 | Elf:3    | Noticed a deep elf blademaster
 30219 | Elf:3    | Killed a deep elf blademaster
 30220 | Elf:3    | Reached XP level 18. HP: 96/158 MP: 31/31
 30306 | Elf:3    | Identified the ring of the Slug {rC+ MP+9 Int+6}
 30506 | Elf:3    | Identified the +0 robe of Xucujen {Dex+2}
 30621 | Elf:3    | Identified the +9 quarterstaff "Kelapnim" {protect, Contam
                  | +Blink Fly rPois}
 30621 | Elf:3    | Identified the +2 robe "Tedghaf" {rN+++ MP-9 Dex-3 Stlth+}
 30621 | Elf:3    | Identified the ring "Xajiwacw" {rPois rF+ Int+5}
 30682 | Elf:3    | Noticed Saint Roka
 30699 | Elf:3    | Killed Saint Roka
 30777 | Elf:3    | Identified the amulet "Paevoc" {Reflect +Blink SH+5}
 30930 | Elf:3    | Identified the ring "Bouc" {rC+ Will- rCorr Str+3}
 31148 | Elf:3    | Noticed a deep elf master archer
 31230 | Elf:3    | Reached skill level 20 in Fighting
 31319 | Elf:3    | Killed a deep elf master archer
 31376 | Elf:3    | Reached skill level 15 in Invocations
 31431 | Elf:3    | Found Bodeogiwn's Weapon Boutique.
 31436 | Elf:3    | Identified Roxanne's Vellum of the Lithosphere
 31436 | Elf:3    | Noticed Roxanne
 31499 | Elf:3    | Noticed a deep elf blademaster
 31516 | Elf:3    | Killed a deep elf blademaster
 31790 | Elf:3    | Found the +3 pair of mountain boots {steadfast, rC+}
 32265 | Elf:3    | Killed Roxanne
 32266 | Elf:3    | Reached skill level 21 in Fighting
 32571 | Swamp:1  | Entered Level 1 of the Swamp
 32627 | Swamp:1  | Reached skill level 1 in Transmutations
 32627 | Swamp:1  | Reached skill level 1 in Earth Magic
 32772 | Swamp:1  | Reached skill level 1 in Spellcasting
 33663 | Swamp:2  | Reached XP level 19. HP: 141/169 MP: 33/33
 35406 | Swamp:3  | Reached skill level 5 in Transmutations
 35406 | Swamp:3  | Reached skill level 5 in Earth Magic
 35535 | Swamp:4  | Entered Level 4 of the Swamp
 35734 | Swamp:4  | Found a frozen archway.
 35750 | IceCv    | Entered an ice cave
 35852 | IceCv    | Found a transporter.
 35861 | IceCv    | Found a transporter.
 36682 | Swamp:4  | Noticed the 27-headed Lernaean hydra
 36690 | Swamp:4  | Killed the 27-headed Lernaean hydra
 37650 | Swamp:4  | Got a decaying rune of Zot
 37763 | Swamp:4  | Learned a level 5 spell: Lee's Rapid Deconstruction
 37770 | Swamp:4  | Learned a level 6 spell: Statue Form
 38099 | Spider:1 | Entered Level 1 of the Spider Nest
 38099 | Spider:1 | Noticed Louise
 38104 | Spider:1 | Noticed Mlioglotl
 38111 | Spider:1 | Killed Louise
 38116 | Spider:1 | Killed Mlioglotl
 38454 | Spider:1 | Identified the +4 kite shield of Irksome Fun {rN+}
 38454 | Spider:1 | Noticed Asterion
 38467 | Spider:1 | Killed Asterion
 38771 | Spider:1 | Reached skill level 5 in Spellcasting
 39053 | Spider:1 | Noticed Agnes
 39063 | Spider:1 | Killed Agnes
 39508 | Spider:2 | Reached XP level 20. HP: 106/178 MP: 34/34
 41090 | Spider:3 | Noticed Kirke
 41099 | Spider:3 | Killed Kirke
 41362 | Spider:3 | Noticed Arachne
 41381 | Spider:3 | Killed Arachne
 41991 | Spider:4 | Entered Level 4 of the Spider Nest
 42320 | Spider:4 | Got a gossamer rune of Zot
 42620 | Spider:4 | Reached skill level 10 in Earth Magic
 42626 | Spider:4 | Reached skill level 10 in Transmutations
 43489 | Spider:4 | Identified the +1 leather armour of Pessimism {*Corrode
                  | rPois Regen+ Dex+4}
 44137 | Abyss:3  | Noticed a dread lich
 44137 | Abyss:3  | Cast into level 3 of the Abyss (+0 dire flail of
                  | distortion)
 44146 | Abyss:3  | Killed a dread lich
 44217 | Abyss:3  | Found a corrupted altar of Lugonu.
 44309 | Abyss:3  | Got an abyssal rune of Zot
 44320 | Elf:2    | Escaped the Abyss
 44391 | Elf:2    | Reached XP level 21. HP: 183/183 MP: 35/35
 45250 | Depths:1 | Entered Level 1 of the Depths
 45278 | Depths:1 | Found Puticw's Book Emporium.
 45397 | Depths:1 | Identified the +1 shadow dragon scales "Nyja" {Harm rPois
                  | rC- Int-5 Stlth++++}
 45437 | Depths:1 | Noticed a bone dragon
 45479 | Depths:1 | Killed a bone dragon
 45682 | Abyss:3  | Cast into level 3 of the Abyss (reaper)
 45746 | Depths:1 | Escaped the Abyss
 45763 | Depths:1 | Found a gateway to Hell.
 46624 | Depths:2 | Found a one-way gate leading to the halls of Pandemonium.
 46707 | Depths:2 | Found a one-way gate to the infinite horrors of the Abyss.
 46748 | Depths:2 | Found a one-way gateway to a ziggurat.
 46890 | Depths:2 | Noticed a juggernaut
 46901 | Depths:2 | Killed a juggernaut
 46902 | Depths:2 | Reached skill level 15 in Long Blades
 46907 | Depths:2 | Reached XP level 22. HP: 191/191 MP: 37/37
 46910 | Depths:2 | Reached skill level 15 in Dodging
 47164 | Depths:2 | Found the +9 sword of Zonguldrok {reap}
 47231 | Depths:2 | Noticed a golden dragon
 47239 | Depths:2 | Killed a golden dragon
 47712 | Depths:2 | Identified the +6 mace "Kuqeex" {venom, Str+2}
 47714 | Depths:2 | Got Sif Muna's Lectures on the Inferno and Venom
 47715 | Depths:2 | Identified the amulet of Happiness {Faith Int+5}
 47718 | Depths:2 | Got the Tome of the Reshaped Throng
 48154 | Depths:3 | Identified the +8 halberd "Doguageu" {drain, rN+ MP+9
                  | Int+2}
 48155 | Depths:3 | Noticed a caustic shrike
 48161 | Depths:3 | Noticed a golden dragon
 48162 | Depths:3 | Killed a caustic shrike
 48164 | Depths:3 | Identified the +6 trident "Otium" {venom, rN++ Int+7 Dex-4}
 48169 | Depths:3 | Killed a golden dragon
 48175 | Depths:3 | Identified the ring "Iricwepe" {rPois AC+4 Int+2}
 48579 | Depths:3 | Reached skill level 22 in Fighting
 48838 | Depths:3 | Found a glowing silver altar of Zin.
 49268 | Depths:4 | Entered Level 4 of the Depths
 49284 | Depths:4 | Reached XP level 23. HP: 200/200 MP: 38/38
 49333 | Depths:4 | Found a corrupted altar of Lugonu.
 49366 | Depths:4 | Found a large runed translucent door.
 49401 | Depths:4 | Noticed a golden dragon
 49411 | Depths:4 | Killed a golden dragon
 49638 | Depths:4 | Identified the +0 robe "Ebogig" {Rampage rPois rC-}
 49966 | Depths:4 | Reached skill level 15 in Evocations
 50106 | Depths:4 | Found a gate to the Realm of Zot.
 50203 | Depths:4 | Found a large runed translucent door.
 50240 | Depths:4 | Noticed Deygah's ghost (veteran DsIE)
 50585 | Vaults:1 | Entered Level 1 of the Vaults
 50591 | Vaults:1 | Noticed Donald
 50593 | Vaults:1 | Noticed Aizul
 50597 | Vaults:1 | Killed Aizul
 50711 | Vaults:1 | Killed Donald
 50806 | Vaults:1 | Identified the +1 robe "Nempaum" {*Corrode +Inv rElec
                  | Int+3}
 51122 | Vaults:1 | Your ally Aizul died
 51460 | Vaults:2 | Found a staircase to the Crypt.
 51543 | Vaults:2 | Noticed Mara
 51550 | Vaults:2 | Noticed thirstyecho's illusion
 51561 | Vaults:2 | Killed Mara
 51858 | Vaults:2 | Found Syif's Antique Weapon Shop.
 51900 | Vaults:2 | Found the +3 Elemental Staff {rElec rF++ rC++ AC+5}
 52016 | Vaults:2 | Reached XP level 24. HP: 169/207 MP: 38/38
 52264 | Vaults:2 | Found a transporter.
 52264 | Vaults:2 | Noticed dricus's ghost (veteran GrFi)
 52264 | Vaults:2 | Identified the +7 giant spiked club "Eropnaib" {elec, rN+
                  | Str+3 Dex-3 SInv}
 52265 | Vaults:2 | Found a transporter.
 52463 | Vaults:2 | Killed dricus's ghost
 55126 | Zot:1    | Entered Level 1 of the Realm of Zot
 55236 | Zot:2    | Noticed a curse toe
 55243 | Zot:2    | Killed a curse toe
 55329 | Zot:5    | Entered Level 5 of the Realm of Zot
 55495 | Zot:5    | Noticed a curse toe
 55529 | Zot:5    | Killed a curse toe
 55530 | Zot:5    | Reached XP level 25. HP: 214/214 MP: 38/38
 56276 | Zot:5    | Reached skill level 1 in Translocations
 56445 | Zot:5    | Noticed a Killer Klown
 56449 | Zot:5    | Killed a Killer Klown
 56452 | Zot:5    | Noticed a dread lich
 56456 | Zot:5    | Killed a dread lich
 56459 | Zot:5    | Noticed a dread lich
 56462 | Zot:5    | Killed a dread lich
 56463 | Zot:5    | Noticed a Killer Klown
 56467 | Zot:5    | Killed a Killer Klown
 56479 | Zot:5    | Noticed an orb of fire
 56489 | Zot:5    | Killed an orb of fire
 56592 | Zot:5    | Noticed an ancient lich
 56603 | Zot:5    | Killed an ancient lich
 56862 | Zot:5    | Noticed a Killer Klown
 56872 | Zot:5    | Killed a Killer Klown
 57050 | Zot:5    | Noticed an orb of fire
 57062 | Zot:5    | Reached skill level 5 in Translocations
 57248 | Zot:5    | Lost mutation: Your spells are harder to cast, but more
                  | powerful. [an orb of fire]
 57250 | Zot:5    | Killed an orb of fire
 57475 | Zot:5    | Noticed a dread lich
 57476 | Zot:5    | Got the Orb of Zot
 57479 | Zot:5    | Noticed an orb of fire
 57583 | Zot:1    | Noticed Awerr the pandemonium lord
 57817 | D:11     | Noticed Sonoadi the pandemonium lord
 57934 | D:4      | Gained mutation: You sometimes lose your temper in combat.
                  | [a cacodemon]
 57969 | D:2      | Lost mutation: You are dopey. (Int -2) [potion of mutation]
 57969 | D:2      | Lost mutation: Your spells are a little harder to cast, but
                  | a little more powerful. [potion of mutation]
 57969 | D:2      | Lost mutation: You are resistant to electric shocks.
                  | (rElec) [potion of mutation]
 57969 | D:2      | Gained mutation: You expend magic power (3 MP) to
                  | strengthen your wands. [potion of mutation]
 57969 | D:2      | Lost mutation: You are strong-willed. (Will+) [potion of
                  | mutation]
 57969 | D:2      | Lost mutation: You have an increased reservoir of magic.
                  | (+10% MP) [potion of mutation]
 57969 | D:2      | Gained mutation: Your flesh is cold resistant. (rC+)
                  | [potion of mutation]
 57970 | D:2      | Lost mutation: You expend magic power (3 MP) to strengthen
                  | your wands. [potion of mutation]
 57970 | D:2      | Lost mutation: Your flesh is cold resistant. (rC+) [potion
                  | of mutation]
 57970 | D:2      | Lost mutation: You sometimes lose your temper in combat.
                  | [potion of mutation]
 57970 | D:2      | Gained mutation: You occasionally lose the ability to drink
                  | potions when taking damage. [potion of mutation]
 57970 | D:2      | Gained mutation: You passively map a small area around you.
                  | [potion of mutation]
 57971 | D:2      | Lost mutation: You passively map a small area around you.
                  | [potion of mutation]
 57971 | D:2      | Lost mutation: You occasionally lose the ability to drink
                  | potions when taking damage. [potion of mutation]
 57971 | D:2      | Gained mutation: Potions are less effective at restoring
                  | your health. [potion of mutation]
 57971 | D:2      | Lost mutation: Potions are less effective at restoring your
                  | health. [potion of mutation]
 57971 | D:2      | Gained mutation: You are agile. (Dex +4, Str/Int -1)
                  | [potion of mutation]
 58089 | D:$      | Escaped with the Orb!

Illustrated notes

Levels and vault maps discovered:
D:1:      elethiomel_arrival_quiet, layout_basic, chequers_big_river
D:2:      layout_basic, basic_altar, shapermc_ecumenical_altar_mp_ritualfount,
          hangedman_decor_growths, uniq_terence
D:3:      layout_rooms, minmay_misc_feat_chi, kennysheep_generic_room_15
D:4:      layout_rooms, mainiacjoe_overflow_paths, enter_ossuary_5
D:5:      layout_rooms, lemuel_temple_firewalk_b
D:6:      due_chaos_kobolds, layout_loops_ring, serial_shops,
          nicolae_shop_trees, shop_coins, kennysheep_little_box,
          nicolae_shop_competitors_out_of_business, nicolae_shop_behind_doors,
          gammafunk_ghost_hive
D:7:      layout_rooms, mainiacjoe_overflow_24_doors
D:8:      layout_rooms, chequers_temple_overflow_statue_of_worship
D:9:      layout_roguey [special_room_orc], orc_0_dummy, serial_shops,
          kennysheep_mini, hangedman_feature_mirror, minmay_hedge_maze
D:10:     layout_roguey, nicolae_ru_great_annihilating_truth, uniq_snorg
D:11:     layout_big_octagon, david_lair_generic
D:12:     layout_roguey
D:13:     layout_loops_ring, grunt_qazlal_clouds
D:14:     layout_long_grid, skrybe_vaults_entry_preservation
D:15:     grunt_enter_depths_magical_seal, layout_basic, grunt_decor_arrowhead,
          nicolae_splish_splash
Temple:   regret_index_temple_sphere_string
Lair:1:   layout_gridlike, serial_bayou, serial_bayou_pond_c,
          serial_bayou_pond_d, serial_bayou_ford_a, serial_bayou_shore_b,
          gauntlet_entry_generic, basic_altar
Lair:2:   layout_regular_city, swamp_mist, minmay_lindwurm_lava,
          lemuel_fruit_fields
Lair:3:   layout_small_grid, spider_nest_entry_web_field, beast_lair_carwin_11,
          uniq_urug
Lair:4:   layout_cellular_growth, serial_bayou_shore_b
Lair:5:   layout_misc_corridors, grunt_megastairs_1
Lair:6:   wormcave, layout_loops_ring, hangedman_lair_caniforms_friends,
          slime_entry_1, nicolae_quartered_pool_impasse,
          chequers_serial_rivers_small_b, chequers_serial_rivers_room_b,
          columned_hall_lemuel, st_stairs_3
Swamp:1:  layout_basic_swamp, evilmike_swamp_ruin_wall
Swamp:2:  layout_basic_swamp, evilmike_swamp_ruin_house_2, swamp_pool2,
          nicolae_swamp_snake_nest
Swamp:3:  layout_basic_swamp, hangedman_swamp_ruin_wall, swamp_pool5,
          infiniplex_staircase_pool
Swamp:4:  swamp_old_school, layout_basic_swamp,
          portal_ice_cave_entry_ice_simulacra, swamp_pool4
Spider:1: layout_spider_delve, uniq_louise, uniq_agnes, uniq_mlioglotl,
          uniq_asterion
Spider:2: layout_cave_pods
Spider:3: cheibrodos_forgotten_conduit, nicolae_looking_at_the_future,
          uniq_kirke, uniq_arachne
Spider:4: johnstein_spider_rune_arachne_lair
Orc:1:    layout_caves, guppyfry_library_mini
Orc:2:    st_orc_ogre_mass, layout_diamond_mine, uniq_nessos
Elf:1:    layout_loops_corners, serial_shops, nicolae_shop_hallway_stairs,
          hangedman_elf_represent
Elf:2:    elven_hall_of_blades_hangedman_original [nicolae_blade_little_rooms],
          layout_gridlike, mu_enter_wizlab_5, special_room [special_room_orc],
          dk_noncrumbling_2
Elf:3:    grunt_elf_hall_diamonds, layout_rooms, serial_shops, shop_statue,
          uniq_roxanne, uniq_saint_roka
Vaults:1: vaults_dpeg_encased_lava, vaults_dpeg_doors, v_misc_11,
          nicolae_vaults_puzzle_piece, v_pattern_3, vaults_room_fancy_cross,
          hangedman_vaults_stitches, vaults_room_stairs_pillars,
          ontoclasm_vaults_fault, layout_vaults_maze_snakey, uniq_donald,
          uniq_aizul
Vaults:2: gammafunk_ghost_smash, minmay_crypt_entry_simple_statues,
          ontoclasm_vaults_decontamination, v_misc_15,
          nicolae_vaults_mini_display_case, hangedman_vaults_cutoff,
          vaults_room_hallway, hangedman_vaults_slither,
          nicolae_vaults_murderbox, v_misc_17, nicolae_vaults_theta,
          v_alt_pattern_6, nicolae_vaults_little_squares_4,
          layout_vaults_omnicross, serial_shops,
          nicolae_shop_overgrown_old_shop, uniq_mara
Vaults:3: nicolae_vaults_sealed_display, vaults_mumra_lcd, v_misc_19,
          st_smaller_cells, nicolae_vaults_little_squares_1,
          grunt_vaults_diagonal, ontoclasm_vaults_chip, vaults_room_semicircle,
          v_misc_30, layout_vaults_big_room
Vaults:4: v_misc_1, vaults_dpeg_cross, nicolae_vaults_little_squares_3,
          layout_vaults_omnigrid
Depths:1: layout_gridville, grunt_mini_vestibule, nicolae_water_bricks,
          beargit_elvish_explorers, minmay_shop_star
Depths:2: little_maze_vault, layout_basic, enter_ziggurat_e, hell_entry,
          minmay_room_of_horrors, pan_entry, nrook_mini_vaults
Depths:3: minmay_complete_graph, layout_long_grid,
          nicolae_abyss_entry_one_way_or_another, zin_angel,
          hangedman_tar_grid_catacomb, st_stairs_14
Depths:4: grunt_zot_entry_gee_three, layout_gridlike, nicolae_titane,
          abyss_entry_flame_altar, ebering_ghost_disaster_area, pf_coc_iceberg,
          serial_bayou_shore_b
Zot:1:    hangedman_orp_of_zott, layout_misc_corridors
Zot:2:    layout_basic, st_stairs_3, zot_minivault_2
Zot:3:    layout_gridlike
Zot:4:    layout_cellular_growth
Zot:5:    layout_cathedral_of_symmetry, lemuel_baited_zot_trap

Skill      XL: |  1  2  3  4  5  6  7  8  9 10 11 12 13 14 15 16 17 18 19 20 21 22 23 24 25 |
---------------+----------------------------------------------------------------------------+-----
Fighting       | 4 5 6 7 9 11 13 14 16 19 21 22 | 22.0
Dodging        | 3 4 5 6 8 9 11 12 13 14 16 18 19 20 | 20.1
Evocations     | 1 2 4 7 10 11 12 14 16 18 19 | 19.4
Stealth        | 3 |  3.0
Short Blades   | 3 |  3.5
Invocations    | 3 6 7 8 10 12 14 15 16 | 16.4
Long Blades    | 2 6 10 12 13 15 | 15.8
Shields        | 3 4 |  4.0
Transmutations | 2 8 11 12 13 | 13.4
Earth Magic    | 2 8 11 12 13 | 13.5
Spellcasting   | 1 5 7 |  7.5
Translocations | 8 |  8.0
Polearms       | |  3.0

Action                   |  1- 3 |  4- 6 |  7- 9 | 10-12 | 13-15 | 16-18 | 19-21 | 22-24 | 25-27 || total
-------------------------+-------+-------+-------+-------+-------+-------+-------+-------+-------++-------
Melee: Spear             |    68 |       |       |       |       |       |       |       |       ||    68
       Constrict         |    15 |    29 |    45 |    36 |    90 |   164 |   187 |   123 |    16 ||   705
       Tentacles         |     7 |    29 |    39 |    71 |   192 |   212 |   340 |   322 |    64 ||  1276
       Rapier            |     8 |   103 |   118 |       |       |       |       |       |       ||   229
       Kick              |     4 |    47 |    72 |    63 |       |       |       |       |       ||   186
       Punch             |       |     1 |       |     6 |    16 |    12 |    30 |    16 |     6 ||    87
       Long sword        |       |       |    83 |   326 |   685 |   774 |       |       |       ||  1868
       Scimitar          |       |       |       |       |       |    31 |   914 |    46 |       ||   991
       Double sword      |       |       |       |       |       |       |   135 |   855 |   179 ||  1169
Throw: Dart              |       |       |    30 |     4 |     1 |     1 |       |       |       ||    36
       Boomerang         |       |       |     1 |       |       |       |       |       |       ||     1
       Throwing net      |       |       |       |       |     1 |     1 |       |       |       ||     2
 Cast: Statue Form       |       |       |       |       |       |       |    43 |    55 |    25 ||   123
       Passwall          |       |       |       |       |       |       |     1 |       |     5 ||     6
       Passage of Golubr |       |       |       |       |       |       |       |       |     6 ||     6
Invok: Stomp             |       |       |     1 |     3 |     1 |     2 |     2 |     1 |       ||    10
       Line Pass         |       |       |       |     2 |       |     1 |     2 |       |       ||     5
       Grand Finale      |       |       |       |       |       |       |     1 |       |       ||     1
 Abil: Evoke Blink       |       |       |       |       |     1 |       |     1 |     1 |       ||     3
Evoke: Piece from Xom's  |       |     2 |     3 |       |       |       |       |       |       ||     5
       Wand              |       |     2 |     8 |    44 |    25 |    21 |     9 |       |     6 ||   115
       Lightning rod     |       |       |       |       |       |       |     7 |     3 |       ||    10
       Condenser vane    |       |       |       |       |       |       |     2 |       |       ||     2
  Use: Potion            |     2 |       |       |    12 |     2 |     1 |       |     2 |     6 ||    25
       Scroll            |       |     5 |    10 |    26 |     7 |     6 |    16 |    12 |     6 ||    88
 Stab: Sleeping          |    11 |     4 |     8 |     8 |    21 |    16 |    26 |    10 |       ||   104
       Paralysed         |     1 |       |     8 |    36 |    68 |   101 |   140 |   110 |    21 ||   485
       Distracted        |       |       |       |     1 |       |     4 |     5 |    20 |       ||    30
       Invisible         |       |       |       |       |     2 |     3 |     1 |       |       ||     6
Armor: Skin              |     3 |     6 |     5 |    17 |   106 |    44 |   243 |   242 |    61 ||   727
Dodge: Dodged            |    20 |    45 |   133 |   206 |   436 |   429 |  1011 |  1123 |   224 ||  3627
Block: Buckler           |       |       |       |       |    47 |   175 |   553 |   317 |    74 ||  1166
       Reflection        |       |       |       |       |       |     4 |     2 |       |       ||     6

Table legend: (Time is in decaauts)
 A = Elapsed time spent in this place.
 B = Non-inter-level travel time spent in this place.
 C = Inter-level travel time spent in this place.
 D = Time resting spent in this place.
 E = Time spent auto-exploring this place.
 F = Levels seen in this place.
 G = Mean time per level.
                   A        B        C        D        E       F      G
               +--------+--------+--------+--------+--------+-----+--------+
         Total |  60062 |  55179 |   4883 |   9742 |  32408 |  54 | 1112.3 |
       Dungeon |  18604 |  16687 |   1917 |   3146 |  10414 |  15 | 1240.3 |
        Temple |     53 |     41 |     12 |      0 |     28 |   1 |   53.0 |
          Lair |   6639 |   6062 |    577 |    339 |   4214 |   6 | 1106.5 |
         Swamp |   5079 |   4913 |    166 |   1432 |   2667 |   4 | 1269.8 |
   Spider Nest |   6069 |   5948 |    121 |   1033 |   4019 |   4 | 1517.2 |
  Orcish Mines |   1682 |   1249 |    433 |      0 |    900 |   2 |  841.0 |
   Elven Halls |   5608 |   5176 |    432 |   1533 |   2276 |   3 | 1869.3 |
        Vaults |   4697 |   4449 |    248 |     84 |   3305 |   4 | 1174.2 |
        Depths |   6641 |   5884 |    757 |    531 |   3825 |   4 | 1660.2 |
           Zot |   2765 |   2549 |    216 |   1218 |    475 |   5 |  553.0 |
         Abyss |   1130 |   1130 |      0 |     37 |      8 |   3 |  376.7 |
       Ossuary |    690 |    690 |      0 |    296 |    155 |   1 |  690.0 |
      Ice Cave |    121 |    121 |      0 |     76 |      0 |   1 |  121.0 |
      Gauntlet |    279 |    279 |      0 |     13 |    120 |   1 |  279.0 |
               +--------+--------+--------+--------+--------+-----+--------+

Top non-repeatable levels by time:
    D:10: 2655 daAuts
     D:9: 2421 daAuts
   Elf:3: 2349 daAuts
   Zot:5: 2257 daAuts
Depths:2: 2241 daAuts
Spider:4: 2153 daAuts
 Swamp:4: 1961 daAuts
  Lair:6: 1795 daAuts
   Elf:2: 1657 daAuts
   Elf:1: 1601 daAuts
Depths:3: 1574 daAuts
Depths:4: 1491 daAuts
     D:6: 1453 daAuts
Vaults:2: 1432 daAuts
    D:15: 1408 daAuts
